 Dungeon Crawl Stone Soup version 0.22.1-5-g62c59d9 (webtiles) character file.

129 Mrkaede the Skirmisher (level 5, -1/41 HPs)
             Began as a Human Berserker on Jan 12, 2019.
             Was a Priest of Trog.
             Slain by a gnoll
             ... wielding a +0 spear
              (6 damage)
             ... on level 3 of the Dungeon.
             The game lasted 00:06:25 (1659 turns).

Mrkaede the Skirmisher (Human Berserker)            Turns: 1659, Time: 00:06:26

Health: -1/41      AC: 10    Str: 18    XL:     5   Next: 35%
Magic:  5/5        EV:  3    Int:  8    God:    Trog [***...]
Gold:   125        SH: 12    Dex: 12    Spells: 4/4 levels left

rFire    . . .     SeeInvis .   a - +0 hand axe
rCold    . . .     Gourm    .   f - +0 large shield
rNeg     . . .     Faith    .   k - +0 chain mail
rPois    .         Spirit   .   (no helmet)
rElec    .         Reflect  .   o - +0 cloak
rCorr    .         Harm     .   (no gloves)
MR       .....                  (no boots)
Stlth    ..........             (no amulet)
HPRegen  0.13/turn              (no ring)
MPRegen  0.09/turn              (no ring)

@: berserk cooldown, slowed, very slow
A: no striking features
a: Berserk, Trog's Hand, Renounce Religion


You were on level 3 of the Dungeon.
You worshipped Trog.
Trog was most pleased with you.
You were hungry.

You visited 1 branch of the dungeon, and saw 3 of its levels.

You collected 125 gold pieces.

Inventory:

Hand Weapons
 a - a +0 hand axe (weapon)
Armour
 b - a +0 animal skin
 f - a +0 large shield (worn)
 g - a +0 ring mail
 k - a +0 chain mail (worn)
 o - a +0 cloak (worn)
Scrolls
 d - 2 scrolls of enchant armour {unknown}
 h - 2 scrolls of identify {unknown}
 l - a scroll of remove curse {unknown}
 m - a scroll of magic mapping {unknown}
Potions
 e - a potion of might {unknown}
 i - a potion of haste {unknown}
 j - a potion of curing {unknown}
 n - 2 potions of brilliance {unknown}
Comestibles
 c - 2 rations
 p - a chunk of flesh


   Skills:
 * Level 3.6 Fighting
 * Level 3.6 Axes
 + Level 1.2 Throwing
 * Level 3.0 Armour
 * Level 2.6 Dodging
 * Level 1.0 Shields


You had 4 spell levels left.
You didn't know any spells.
Your spell library was empty.

Dungeon Overview and Level Annotations

Branches:
Dungeon (3/15)

Altars:


Message History

You butcher the jackal corpse.
You feel a strong urge to attack something.
The gnoll barely misses you.
You see here 2 chunks of flesh.
You see here a leopard gecko corpse.
You butcher the leopard gecko corpse.
You feel your anger nearly subside.
You see here a chunk of flesh.
p - 2 chunks of flesh (gained 1)
You are no longer berserk.
You are exhausted.
You feel yourself slow down. The gnoll hits you but does no damage.
Eat one of 2 chunks of flesh? (ye/n/q)
You eat one of the 2 chunks of flesh.
This raw flesh tastes terrible.
You are feeling hungry.
You block the gnoll's attack. The gnoll hits you with a spear.
* * * LOW HITPOINT WARNING * * *
The gnoll hits you with a spear.
You die...

.........#
.........
.........
≈....≈...
........#
..≈≈....# ##
..≈≈....######..#.
......)%..........
≈....rg@.....#..##
......).....<$...
......).(.##.#.###
...#$.....#.......
## #.####.(..#.#
.........#.#.#
##.....##...).#
#.........[###
.....###.## ..


You could see a gnoll and a rat.

Vanquished Creatures
  Crazy Yiuf (D:2)
  2 gnolls (D:3)
  An adder (D:3)
  A dart slug (D:2)
  A leopard gecko (D:3)
  A ball python (D:2)
  8 bats
  4 giant cockroaches
  7 goblins
  7 hobgoblins
  9 jackals
  2 quokkas (D:2)
  7 frilled lizards
  5 kobolds
  A quokka skeleton (D:2)
  11 rats
68 creatures vanquished.

Notes
Turn   | Place    | Note
-------+----------+-------------------------------------------
     0 | D:1      | Mrkaede the Human Berserker began the quest for the Orb.
     0 | D:1      | Reached XP level 1. HP: 18/18 MP: 1/1
    47 | D:1      | Reached XP level 2. HP: 24/24 MP: 2/2
   395 | D:1      | Reached ** piety under Trog
   404 | D:1      | Reached XP level 3. HP: 25/29 MP: 3/3
  1127 | D:2      | Reached XP level 4. HP: 35/35 MP: 4/4
  1244 | D:2      | Found a runed door.
  1380 | D:2      | Noticed Crazy Yiuf
  1384 | D:2      | Killed Crazy Yiuf
  1384 | D:2      | Reached skill level 1 in Throwing
  1613 | D:3      | Reached *** piety under Trog
  1623 | D:3      | Reached XP level 5. HP: 34/41 MP: 5/5
  1647 | D:3      | Reached skill level 1 in Shields
  1659 | D:3      | Slain by a gnoll

Skill      XL: |  1  2  3  4  5 |
---------------+----------------+-----
Throwing       | 1 |  1.2
Shields        | 1 |  1.0
Armour         | 3 |  3.0
Fighting       | |  3.6
Axes           | |  3.6
Dodging        | |  2.6

Action                   |  1- 3 |  4- 6 || total
-------------------------+-------+-------++-------
Melee: Hand axe          |   121 |   104 ||   225
Invok: Berserk           |     1 |     2 ||     3
  Eat: Chunk             |     2 |     3 ||     5
Armor: Animal skin       |    19 |       ||    19
       Chain mail        |    28 |    70 ||    98
       Ring mail         |     1 |       ||     1
Dodge: Dodged            |    66 |    21 ||    87
Block: Large shield      |    28 |    71 ||    99
